 Dungeon Crawl Stone Soup version 0.26.1-11-gd32895ea62 (webtiles) character file.

Game seed: 15056537199976493316

411 Zeld the Skirmisher (level 6, -5/53 HPs)
             Began as a Gnoll Abyssal Knight on May 27, 2021.
             Was a Believer of Lugonu.
             Killed from afar by an orc wizard (9 damage)
             ... with a magic dart
             ... on level 3 of the Dungeon.
             The game lasted 00:06:04 (5487 turns).

Zeld the Skirmisher (Gnoll Abyssal Knight)          Turns: 5487, Time: 00:06:04

Health: -5/53      AC:  3    Str: 16    XL:     6   Next: 90%
Magic:  8/9        EV: 14    Int: 14    God:    Lugonu [**....]
Gold:   156        SH:  0    Dex: 15    Spells: 9/9 levels left

rFire    . . .     SeeInvis .   a - +1 mace
rCold    . . .     Faith    .   (no shield)
rNeg     . . .     Spirit   .   b - +0 robe (curse)
rPois    .         Reflect  .   (no helmet)
rElec    .         Harm     .   (no cloak)
rCorr    .         Rampage  .   j - +0 pair of gloves
Will     .....                  (no boots)
Stlth    ++........             (no amulet)
HPRegen  0.17/turn              (no ring)
MPRegen  0.11/turn              (no ring)

@: lethally poisoned (-5 -> -36)
A: distributed training, fangs 1, strong nose
a: Renounce Religion, Depart the Abyss, Bend Space


You were on level 3 of the Dungeon.
You worshipped Lugonu.
Lugonu was pleased with you.
You visited 1 branch of the dungeon, and saw 4 of its levels.
You visited the Abyss 1 time.

You collected 156 gold pieces.

Inventory:

Hand Weapons
 a - a +1 mace (weapon)
Armour
 b - a cursed +0 robe (worn)
 j - a +0 pair of gloves (worn)
Wands
 m - a wand of acid (13)
 n - a wand of flame (12)
Scrolls
 c - a scroll of blinking {unknown}
 d - a scroll of amnesia {unknown}
 f - 3 scrolls of identify {unknown}
 h - 2 scrolls of remove curse {unknown}
 k - 2 scrolls of enchant armour {unknown}
 l - a scroll of teleportation {unknown}
 o - a scroll of random uselessness {unknown}
Potions
 e - 3 potions of lignification {unknown}
 g - a potion of heal wounds {unknown}
 i - a potion of mutation {unknown}


   Skills:
 + Level 6.9 Fighting
 + Level 2.1 Short Blades
 + Level 2.1 Long Blades
 + Level 2.1 Axes
 + Level 5.1 Maces & Flails
 + Level 2.1 Polearms
 + Level 2.1 Staves
 + Level 2.1 Slings
 + Level 2.1 Bows
 + Level 2.1 Crossbows
 + Level 2.1 Throwing
 + Level 5.1 Armour
 + Level 3.4 Dodging
 + Level 2.1 Stealth
 + Level 2.1 Shields
 + Level 2.1 Unarmed Combat
 + Level 2.1 Spellcasting
 + Level 1.7 Conjurations
 + Level 1.7 Hexes
 + Level 1.7 Summonings
 + Level 1.7 Necromancy
 + Level 1.7 Translocations
 + Level 1.7 Transmutations
 + Level 1.7 Fire Magic
 + Level 1.7 Ice Magic
 + Level 1.7 Air Magic
 + Level 1.7 Earth Magic
 + Level 1.7 Poison Magic
 + Level 5.2 Invocations
 + Level 2.1 Evocations


You had 9 spell levels left.
You didn't know any spells.
Your spell library was empty.

Dungeon Overview and Level Annotations

Branches:
Dungeon (4/15)
 Temple: D:4-7

Altars:
Dithmenos


Innate Abilities, Weirdness & Mutations

Your experience applies equally to all skills.
You have very sharp teeth.
Your uncanny sense of smell can sniff out nearby items.


Message History

You are more poisoned.
There is a stone staircase leading up, spattered with blood here.
* * * LOW HITPOINT WARNING * * *
You feel very sick.
The orc wizard points at you and mumbles some strange words.
You resist with some effort. The orc hits you with a +0 dagger.
* * * LOW HITPOINT WARNING * * *
The orc misses you.
You climb upwards.
* * * LOW HITPOINT WARNING * * *
You feel very sick.
There is a stone staircase leading down, spattered with blood here.
Unknown command.
Unknown command.
Space bends around you!
You blink.
* * * LOW HITPOINT WARNING * * *
You feel sick.
The orc wizard points at you and mumbles some strange words.
The magic dart hits you!
You die...

#...................
#.####........######
#.####.#............
#.#............##.##
#######.#.##.#.###.#.##...
#............#.# #.#.#####
#.#####......#.# #.......#
#.# #)#.#.##.###...###.#
#.# #.#@#).........# #.#
#.# #.#.#..#.#.#..<# #.#
##.#####[....#####....#
#.#
#....<.#.ยง....###.##..#
#.#
#..###.#o#o....#.###..#
#.#
#..#.......###..####..#
#.. #..#.#####.#
#........##### ######..#.#
#.###.......#.....
#.......#.#
##....#.######.####


You could see an orc wizard (fast) and an orc.

Vanquished Creatures
  2 ogres (D:3)
  Jessica (D:2)
  An orc wizard (D:3)
  Terence (D:2)
  2 worker ants (D:4)
  An adder (D:3)
  An ooze (D:2)
  A worm (D:2)
  3 leopard geckos
  7 orcs (D:3)
  11 bats
  5 giant cockroaches
  12 goblins
  4 hobgoblins
  13 jackals
  3 quokkas
  A ball python (D:2)
  3 frilled lizards
  7 kobolds
  11 rats
90 creatures vanquished.

Notes
Turn   | Place    | Note
-------+----------+-------------------------------------------
     0 | Abyss:1  | Zeld the Gnoll Abyssal Knight began the quest for the Orb.
     0 | Abyss:1  | Reached XP level 1. HP: 23/23 MP: 3/3
    51 | Abyss:1  | Noticed a storm dragon skeleton
    59 | D:1      | Escaped the Abyss
   121 | D:1      | Reached XP level 2. HP: 4/29 MP: 5/5
   525 | D:1      | Reached * piety under Lugonu
   717 | D:1      | Reached XP level 3. HP: 27/35 MP: 6/6
  1466 | D:2      | Found a shadowy altar of Dithmenos.
  1466 | D:2      | Noticed Jessica
  1481 | D:2      | Killed Jessica
  1482 | D:2      | Reached skill level 1 in Short Blades
  1482 | D:2      | Reached skill level 1 in Long Blades
  1482 | D:2      | Reached skill level 1 in Axes
  1482 | D:2      | Reached skill level 1 in Polearms
  1482 | D:2      | Reached skill level 1 in Staves
  1482 | D:2      | Reached skill level 1 in Slings
  1482 | D:2      | Reached skill level 1 in Bows
  1482 | D:2      | Reached skill level 1 in Crossbows
  1482 | D:2      | Reached skill level 1 in Throwing
  1482 | D:2      | Reached skill level 1 in Stealth
  1482 | D:2      | Reached skill level 1 in Shields
  1482 | D:2      | Reached skill level 1 in Unarmed Combat
  1482 | D:2      | Reached skill level 1 in Spellcasting
  1482 | D:2      | Reached skill level 1 in Evocations
  1482 | D:2      | Reached XP level 4. HP: 39/41 MP: 7/7
  1675 | D:2      | Noticed Terence
  1689 | D:2      | Killed Terence
  1690 | D:2      | Reached skill level 1 in Conjurations
  1690 | D:2      | Reached skill level 1 in Hexes
  1690 | D:2      | Reached skill level 1 in Summonings
  1690 | D:2      | Reached skill level 1 in Necromancy
  1690 | D:2      | Reached skill level 1 in Translocations
  1690 | D:2      | Reached skill level 1 in Transmutations
  1690 | D:2      | Reached skill level 1 in Fire Magic
  1690 | D:2      | Reached skill level 1 in Ice Magic
  1690 | D:2      | Reached skill level 1 in Air Magic
  1690 | D:2      | Reached skill level 1 in Earth Magic
  1690 | D:2      | Reached skill level 1 in Poison Magic
  1883 | D:2      | Reached ** piety under Lugonu
  2035 | D:2      | Reached XP level 5. HP: 37/47 MP: 8/8
  3675 | D:4      | Noticed an ogre
  3675 | D:4      | Noticed an ogre
  4025 | D:3      | Killed an ogre
  4026 | D:3      | Reached skill level 5 in Invocations
  4026 | D:3      | Reached XP level 6. HP: 53/53 MP: 9/9
  4410 | D:4      | Reached skill level 5 in Maces & Flails
  4410 | D:4      | Reached skill level 5 in Armour
  5487 | D:3      | Killed from afar by an orc wizard

Illustrated notes

Levels and vault maps discovered:
D:1:      psy_arrival_spokes, layout_basic
D:2:      layout_loops_ring, grunt_dithmenos_smoke_and_mirrors,
          item_on_display_a, uniq_jessica, uniq_terence
D:3:      layout_loops_ring
D:4:      layout_rooms, gammafunk_ghost_arena

Skill      XL: |  1  2  3  4  5  6 |
---------------+-------------------+-----
Short Blades   | 1 2 |  2.1
Long Blades    | 1 2 |  2.1
Axes           | 1 2 |  2.1
Polearms       | 1 2 |  2.1
Staves         | 1 2 |  2.1
Slings         | 1 2 |  2.1
Bows           | 1 2 |  2.1
Crossbows      | 1 2 |  2.1
Throwing       | 1 2 |  2.1
Stealth        | 1 2 |  2.1
Shields        | 1 2 |  2.1
Unarmed Combat | 1 2 |  2.1
Spellcasting   | 1 2 |  2.1
Evocations     | 1 2 |  2.1
Conjurations   | 1 |  1.7
Hexes          | 1 |  1.7
Summonings     | 1 |  1.7
Necromancy     | 1 |  1.7
Translocations | 1 |  1.7
Transmutations | 1 |  1.7
Fire Magic     | 1 |  1.7
Ice Magic      | 1 |  1.7
Air Magic      | 1 |  1.7
Earth Magic    | 1 |  1.7
Poison Magic   | 1 |  1.7
Dodging        | 3 |  3.4
Invocations    | 5 |  5.2
Maces & Flails | 5 |  5.1
Armour         | 5 |  5.1
Fighting       | |  6.9

Action                   |  1- 3 |  4- 6 || total
-------------------------+-------+-------++-------
Melee: Mace              |   111 |   189 ||   300
       Bite              |    11 |    28 ||    39
       Punch             |       |     1 ||     1
Invok: Depart the Abyss  |     1 |       ||     1
       Bend Space        |       |     6 ||     6
Evoke: Wand              |       |     7 ||     7
 Stab: Distracted        |     1 |       ||     1
       Sleeping          |       |     4 ||     4
Armor: Leather armour    |    33 |       ||    33
       Robe              |       |    31 ||    31
Dodge: Dodged            |   115 |   163 ||   278
